 Dungeon Crawl Stone Soup version 0.20.1-1-g8b1a95d (webtiles) character file.

116 equalderp2856 the Ducker (level 4, -1/23 HPs)
             Began as a Spriggan Fighter on July 17, 2017.
             Killed by divine providence
             ... invoked by an orc priest
              (11 damage)
             ... on level 3 of the Dungeon.
             The game lasted 00:06:30 (3050 turns).

equalderp2856 the Ducker (Spriggan Fighter)         Turns: 3050, Time: 00:06:30

Health: -1/23      AC: 10    Str: 13    XL:     4   Next: 70%
Magic:  5/5        EV: 20    Int:  9    God:
Gold:   92         SH:  6    Dex: 15    Spells: 3/3 levels left

rFire    . . .     SeeInvis +   g - +0 short sword (protect)
rCold    . . .     Gourm    .   c - +0 buckler
rNeg     . . .     Faith    .   b - +0 robe
rPois    .         Spirit   .   (helmet restricted)
rElec    .         Reflect  .   H - +0 cloak
rCorr    .         Harm     .   (gloves unavailable)
MR       .....                  (boots unavailable)
Stlth    ++........             (no amulet)
Regen    0.1/turn               (no ring)
MPRegen  0.1/turn               (no ring)

@: protection aura, slowed, quick
A: unfitting armour, see invisible, herbivore 3, speed 3, slow metabolism 2
a: no special abilities


You were on level 3 of the Dungeon.
You were not hungry.

You visited 1 branch of the dungeon, and saw 4 of its levels.

You collected 92 gold pieces.

Inventory:

Hand Weapons
 a - a +0 rapier
 g - a +0 short sword of protection (weapon)
 k - a +1 mace of protection
 m - a +0 dagger
 o - a +0 hunting sling
 F - a cursed -2 mace
Missiles
 e - 111 arrows
 n - 120 stones (quivered)
 s - 4 throwing nets
 t - 11 bolts
 y - 7 javelins
 A - 8 needles of sleeping
 I - 15 poisoned needles
Armour
 b - a +0 robe (worn)
 c - a +0 buckler (worn)
 q - a +0 animal skin
 u - a +0 robe
 w - a +0 animal skin
 z - a +0 robe
 B - a +0 animal skin
 C - a +0 animal skin
 D - a +0 animal skin
 E - a +0 animal skin
 H - a +0 cloak (worn)
Scrolls
 h - 2 scrolls of recharging {unknown}
 i - 2 scrolls of magic mapping {unknown}
 j - 2 scrolls of enchant armour {unknown}
 l - 7 scrolls of enchant weapon {unknown}
 p - 3 scrolls of identify {unknown}
 v - a scroll of remove curse {unknown}
 x - a scroll of teleportation {unknown}
Potions
 d - 2 potions of might
Comestibles
 f - 2 bread rations
 r - 6 fruits
 G - a royal jelly


   Skills:
 + Level 2.8 Fighting
 + Level 3.7 Short Blades
 + Level 5.1 Dodging
 + Level 2.2 Stealth
 + Level 2.6 Shields


You had 3 spell levels left.
You didn't know any spells.

Dungeon Overview and Level Annotations

Branches:
Dungeon (4/15)
 Temple: D:4-7

Altars:
Trog

Annotations:
D:3 2 transporters


Innate Abilities, Weirdness & Mutations

You are very small and have problems with some larger weapons.
You are too small for most types of armour.
You have supernaturally acute eyesight. (SInv)
You are a herbivore.
You cover ground extremely quickly.
You need consume almost no food.


Message History

Beogh smites you!
Ouch! That really hurt!
The orc priest hits you but does no damage.
You block the orc priest's attack.
You climb upwards.
Level annotation: 2 transporters
There is a stone staircase leading down here.
You hit the orc priest.
Your weapon exudes an aura of protection.
The orc priest is severely wounded.
The orc priest barely misses you.
You hit the orc priest but do no damage.
The orc priest is severely wounded.
You block the orc priest's attack.
You completely miss the orc priest.
The orc priest is severely wounded.
You block the orc priest's attack.
The orc priest calls down the wrath of Beogh upon you.
Beogh smites you!
You die...

# # # # ########
############..#
.......###.....o@.......
####...>...#............
###..#####..............
....## ##.............
##### ####.......... #
#.....#...#
####.###.##### ###
##.....##.# ..##
##.......#.#


You could see an orc priest.

Vanquished Creatures
  3 gnolls (D:4)
  2 adders (D:3)
  An ooze (D:1)
  A worm (D:2)
  2 dart slugs
  A leopard gecko (D:1)
  3 orcs
  3 giant cockroaches
  8 goblins
  8 hobgoblins
  2 jackals (D:2)
  4 bats
  2 frilled lizards
  9 kobolds
  7 rats
56 creatures vanquished.

Notes
Turn   | Place    | Note
-------+----------+-------------------------------------------
     0 | D:1      | equalderp2856 the Spriggan Fighter began the quest for the Orb.
     0 | D:1      | Reached XP level 1. HP: 11/11 MP: 2/2
   123 | D:1      | Reached XP level 2. HP: 16/16 MP: 3/3
   797 | D:2      | Reached XP level 3. HP: 9/19 MP: 4/4
  1170 | D:2      | Reached skill level 1 in Stealth
  1565 | D:3      | Found a transporter.
  1597 | D:3      | Found a transporter.
  1635 | D:3      | Reached XP level 4. HP: 8/23 MP: 5/5
  2033 | D:3      | Found a bloodstained altar of Trog.
  2094 | D:3      | Reached skill level 5 in Dodging
  3050 | D:3      | Killed from afar by an orc priest

Skill      XL: |  1  2  3  4 |
---------------+-------------+-----
Short Blades   | 3 |  3.7
Stealth        | 2 |  2.2
Dodging        | 5 |  5.1
Fighting       | |  2.8
Shields        | |  2.6

Action                   |  1- 3 |  4- 6 || total
-------------------------+-------+-------++-------
Melee: Rapier            |   135 |     6 ||   141
       Short sword       |       |    83 ||    83
  Use: Potion            |     3 |       ||     3
 Stab: Sleeping          |     5 |       ||     5
Armor: Robe              |     9 |     8 ||    17
Dodge: Dodged            |   121 |    66 ||   187
Block: Buckler           |    28 |    31 ||    59
